 Dungeon Crawl Stone Soup version 0.17.1-3-g152610e (webtiles) character file.

7373 hannobal the Basher (level 11, 0/94 HPs)
             Began as a Naga Assassin on Apr 20, 2016.
             Was a Believer of Ashenzari.
             Slain by a blink frog (13 damage)
             ... on level 1 of the Lair of Beasts on Apr 21, 2016.
             The game lasted 00:51:26 (16016 turns).

hannobal the Basher (Naga Assassin)                Turns: 16016, Time: 00:51:26

Health: 0/94       AC: 14    Str: 16    XL:     11   Next: 14%
Magic:  11/11      EV:  5    Int: 12    God:    Ashenzari [**....]
Gold:   151        SH:  0    Dex: 20    Spells: 0 memorised, 10 levels left

rFire  . . .     SeeInvis +     a - +0 dire flail
rCold  . . .     Clarity  +     u - +4 chain mail
rNeg   . . .     SustAt   .     (shield currently unavailable)
rPois  +         Gourm    .     (no helmet)
rElec  .         Spirit   .     d - +1 cloak
rCorr  .         Warding  .     (no gloves)
rMut   .         Stasis   .     (no barding)
MR     +....                    H - amulet of rage
Stlth  +.........               (no ring)
                                f - +5 ring of dexterity

@: very slightly contaminated, drained, very slow, somewhat resistant to hostile
enchantments, very unstealthy
A: see invisible, agile 1, clarity, deformed body, poison resistance, slowness
2, slow metabolism 1, spit poison 2, AC +3
a: Spit Poison, Scrying, Renounce Religion, Evoke Berserk Rage


You were on level 1 of the Lair of Beasts.
You worshipped Ashenzari.
Ashenzari was pleased with you.
You were hungry.

You visited 3 branches of the dungeon, and saw 11 of its levels.
You also visited: Sewer.

You collected 551 gold pieces.
You spent 400 gold pieces at shops.

Inventory:

Hand Weapons
 a - a +0 dire flail (weapon)
 b - a +4 hunting sling
 c - a +0 morningstar
 e - a +0 shortbow
 g - a +1 blowgun
 h - a +1 whip of venom
 N - the +5 dagger "Nehovis" {freeze, rElec rF+ MP+9}
   (You found it on level 7 of the Dungeon)

   It has been specially enchanted to freeze those struck by it, causing extra
   injury to most foes and up to half again as much damage against particularly
   susceptible opponents.
   It can also slow down cold-blooded creatures.
   It protects you from fire.
   It insulates you from electricity.
   It affects your magic capacity (+9).
 R - a +2 spear of piercing
Missiles
 j - 74 bolts
 k - 196 arrows
 m - 47 poisoned needles
 n - 16 arrows of flame
 K - a curare-tipped needle
 U - 3 poisoned tomahawks (quivered)
 V - 22 sling bullets
 X - 200 stones
 Z - 3 throwing nets
Armour
 d - a +1 cloak (worn)
 u - a +4 chain mail (worn)
 A - a +0 buckler
Jewellery
 f - a +5 ring of dexterity (left hand)
 H - an amulet of rage (around neck)
Wands
 v - a wand of flame (0)
 M - a wand of slowing (10)
 T - a wand of cold (0)
 W - a wand of flame (30)
 Y - a wand of magic darts (21)
Scrolls
 p - 6 scrolls of identify
 r - 4 scrolls of remove curse
 x - 3 scrolls of curse armour
 y - a scroll of recharging
 z - a scroll of noise
 E - a scroll of fog
 G - a scroll of enchant weapon
 I - a scroll of enchant armour
 J - a scroll of immolation
 Q - a scroll of amnesia
 S - 3 scrolls of curse jewellery
Potions
 w - 2 potions of brilliance
 D - a potion of magic
Books
 B - a book of Dreams

   Spells                             Type                      Level
   a - Ensorcelled Hibernation        Hexes/Ice                    2
   b - Phase Shift                    Translocation                5
   c - Shadow Creatures               Summoning                    5
   d - Silence                        Hexes/Air                    5
   e - Darkness                       Hexes                        6
   f - Mass Confusion                 Hexes                        6
Miscellaneous
 O - a lamp of fire (inert)
Comestibles
 i - 9 bread rations
 l - 5 meat rations
 P - 6 beef jerkies


   Skills:
 - Level 5.0(4.8) Fighting
 - Level 2.0(1.7) Short Blades
 + Level 13.4(13.1) Maces & Flails
 - Level 5.9(5.6) Polearms
 - Level 1.5(2.3) Slings
 - Level 3.0 Throwing
 - Level 2.5(2.2) Armour
 - Level 2.0(1.8) Dodging
 - Level 6.0(5.7) Stealth
 - Level 1.0(0.7) Evocations


You had 10 spell levels left.
You didn't know any spells.

Dungeon Overview and Level Annotations

Branches:
Dungeon (9/15)             Temple (1/1) D:4            Lair (1/8) D:9
    Orc: D:9-12

Altars:
Ashenzari
Cheibriados
Dithmenos
Elyvilon
Fedhas
Gozag
Kikubaaqudgha
Makhleb
Nemelex Xobeh
Okawaru
Qazlal
Ru
Sif Muna
Trog
Vehumet
Xom
Yredelemnul
Zin
The Shining One

Shops:
D:6 }

Annotations:
D:8 1 runed door


Innate Abilities, Weirdness & Mutations

You cannot wear boots.
Your serpentine skin is tough (AC +3).
You have supernaturally acute eyesight.
Armour fits poorly on your strangely shaped body.
Your system is resistant to poisons.
You cover ground very slowly.
You have a slow metabolism.
You can spit poison.
You are agile. (Dex +2)
You possess an exceptional clarity of mind.


Message History

You closely miss the crocodile.
The crocodile is heavily wounded.
You hit the crocodile but do no damage.
The crocodile is heavily wounded.
The crocodile bites you.
* * * LOW HITPOINT WARNING * * *
You puncture the crocodile!
The crocodile is almost dead.
You hit the crocodile.
You kill the crocodile!
You are feeling hungry.
Your extra speed is starting to run out.
The blink frog gives a loud, deep croak!
The blink frog blinks!
You feel yourself slow down.
The blink frog blinks!
The blink frog momentarily phases out as your attack passes through it.
The blink frog hits you but does no damage.
You closely miss the blink frog. The blink frog hits you!
You die...

### ## ##
####..###*
*#.##P
#@F......
.....
#.P..#+##.
**#..
#..(......
#..
#.#.......
, #..
#.....(..$
.......
#.######.#
..###..
#ยง. ,, ,.
, ,..{r
#.. **,
...F. #...
#.rr.r.


You could see a blink frog.

Vanquished Creatures
  A hydra (Lair:1)
  2 spiny frogs (Lair:1)
  A komodo dragon (D:9)
  Prince Ribbit (D:6)
  A wyvern (D:9)
  A hippogriff (D:7)
  5 yaks (D:9)
  3 water moccasins (Lair:1)
  A sky beast (D:7)
  2 black bears
  A necrophage (D:9)
  3 ogres
  2 ice beasts
  A wasp (D:8)
  6 orc warriors
  A phantom (D:6)
  A crocodile (Lair:1)
  2 centaurs
  5 giant frogs
  A gnoll sergeant (D:8)
  8 scorpions
  7 crimson imps
  5 hounds
  A jelly (D:4)
  Crazy Yiuf (D:4)
  3 orc priests
  A quasit (D:4)
  A centaur skeleton (D:4)
  9 worker ants
  2 hell rats (Lair:1)
  3 iguanas
  3 orc wizards
  3 giant frog skeletons
  2 killer bee zombies
  A worker ant zombie (D:7)
  4 hound skeletons
  15 adders
  10 gnolls
  18 river rats
  3 shadow imps
  3 oozes
  3 adder skeletons
  4 worms
  9 giant geckos
  30 orcs
  4 ball pythons
  3 giant cockroaches
  6 hobgoblins
  11 jackals
  2 kobolds
  6 quokkas
  6 bats
  13 giant newts
  8 goblins
  A jackal skeleton (D:4)
  A quokka skeleton (D:6)
  15 rats
266 creatures vanquished.

Vanquished Creatures (others)
  3 fungi (Lair:1)
  4 plants
7 creatures vanquished.

Grand Total: 273 creatures vanquished

Notes
Turn   | Place    | Note
--------------------------------------------------------------
     0 | D:1      | hannobal the Naga Assassin began the quest for the Orb.
     0 | D:1      | Reached XP level 1. HP: 19/19 MP: 1/1
    11 | D:1      | Reached skill level 6 in Stealth
   160 | D:1      | Reached skill level 1 in Dodging
   298 | D:1      | Reached XP level 2. HP: 26/26 MP: 2/2
   935 | D:2      | Reached XP level 3. HP: 25/32 MP: 3/3
  1155 | D:2      | Found a deep blue altar of Sif Muna.
  1296 | D:2      | Found a shadowy altar of Dithmenos.
  1538 | D:2      | Found a faded altar to an unknown god.
  1546 | D:2      | Became a worshipper of Ashenzari the Shackled
  1546 | D:2      | Reached * piety under Ashenzari
  1598 | D:2      | Reached XP level 4. HP: 35/39 MP: 4/4
  1925 | D:3      | Reached skill level 1 in Evocations
  2443 | D:3      | Gained mutation: You are agile. (Dex +2) [potion of mutation]
  2443 | D:3      | Gained mutation: You possess an exceptional clarity of mind. [potion of mutation]
  2476 | D:3      | Reached skill level 1 in Polearms
  3019 | D:3      | Reached XP level 5. HP: 41/45 MP: 5/5
  3214 | D:4      | Reached ** piety under Ashenzari
  3214 | D:4      | Found a staircase to the Ecumenical Temple.
  3223 | Temple   | Entered the Ecumenical Temple
  3305 | D:4      | Found a glowing drain.
  3326 | Sewer    | Entered a sewer
  4184 | D:4      | Reached XP level 6. HP: 52/52 MP: 6/6
  4333 | D:4      | Found an iron altar of Okawaru.
  4506 | D:4      | Reached skill level 5 in Polearms
  4632 | D:4      | Noticed an ogre
  4643 | D:4      | Killed an ogre
  4643 | D:4      | Reached XP level 7. HP: 51/60 MP: 7/7
  4715 | D:4      | Noticed Crazy Yiuf
  4728 | D:4      | Killed Crazy Yiuf
  4842 | D:5      | Entered Level 5 of the Dungeon
  5108 | D:4      | Reached skill level 1 in Slings
  5294 | D:5      | Found a glowing silver altar of Zin.
  5330 | D:5      | Reached skill level 1 in Maces & Flails
  5454 | D:5      | Found a sparkling altar of Nemelex Xobeh.
  5908 | D:6      | Found a shattered altar of Ashenzari.
  6310 | D:6      | Noticed Prince Ribbit
  6332 | D:6      | Killed Prince Ribbit
  6332 | D:6      | Reached XP level 8. HP: 7/67 MP: 8/8
  6637 | D:6      | Reached skill level 5 in Maces & Flails
  6892 | D:6      | Found Mem Mima's Gadget Shop.
  7685 | D:6      | Found a radiant altar of Vehumet.
  7868 | D:6      | Found a burning altar of Makhleb.
  7885 | D:6      | Reached skill level 7 in Maces & Flails
  8127 | D:7      | Reached XP level 9. HP: 45/73 MP: 9/9
  8400 | D:7      | Reached skill level 8 in Maces & Flails
  8824 | D:7      | Found a blossoming altar of Fedhas.
  8853 | D:7      | Reached skill level 1 in Armour
  8999 | D:7      | Found a bloodstained altar of Trog.
  9023 | D:7      | Found a glowing golden altar of the Shining One.
  9056 | D:7      | Got the dagger "Nehovis" {freeze, rElec rF+ MP+9}
  9057 | D:7      | Identified the +5 dagger "Nehovis" {freeze, rElec rF+ MP+9} (You found it on level 7 of the Dungeon)
  9749 | D:7      | Reached skill level 9 in Maces & Flails
 10471 | D:7      | Reached skill level 10 in Maces & Flails
 11035 | D:6      | Bought a lamp of fire for 400 gold pieces
 11289 | D:8      | Found a runed door.
 11289 | D:8      | Noticed an angel
 11290 | D:8      | Found a glowing golden altar of the Shining One.
 11529 | D:8      | Reached XP level 10. HP: 84/84 MP: 10/10
 11895 | D:9      | Found an opulent altar of Gozag.
 11909 | D:9      | Found a staircase to the Lair.
 12099 | D:9      | Reached skill level 5 in Fighting
 12762 | D:9      | Reached skill level 11 in Maces & Flails
 14341 | Lair:1   | Entered Level 1 of the Lair of Beasts
 14372 | Lair:1   | Reached skill level 12 in Maces & Flails
 14689 | Lair:1   | HP: 3/88 [river rat (7)]
 15347 | Lair:1   | Noticed an eight-headed hydra
 15366 | Lair:1   | Killed an eight-headed hydra
 15366 | Lair:1   | Reached skill level 13 in Maces & Flails
 15366 | Lair:1   | Reached XP level 11. HP: 8/94 MP: 11/11
 15369 | Lair:1   | HP: 2/94 [giant frog (5)]
 15963 | Lair:1   | HP: 4/94 [crocodile (2)]
 16016 | Lair:1   | Slain by a blink frog

Action                   |  1- 3 |  4- 6 |  7- 9 | 10-12 || total
-------------------------+-------+-------+-------+-------++-------
Melee: Dagger            |    70 |    65 |       |       ||   135
       Trident           |       |   207 |     4 |       ||   211
       Whip              |       |       |   439 |    96 ||   535
       Dire flail        |       |       |       |   258 ||   258
 Fire: Blowgun           |    21 |    24 |    12 |       ||    57
       Hunting sling     |     8 |    18 |   177 |    87 ||   290
Throw: Stone             |     6 |     5 |       |     3 ||    14
       Tomahawk          |       |       |    19 |     5 ||    24
       Javelin           |       |       |       |    11 ||    11
 Abil: Spit Poison       |       |       |     1 |       ||     1
Evoke: Wand              |       |     9 |       |     7 ||    16
       Lamp of fire      |       |       |       |     1 ||     1
  Use: Scroll            |    10 |     6 |     7 |     4 ||    27
       Potion            |     3 |     2 |     1 |     8 ||    14
 Stab: Sleeping          |     6 |       |       |       ||     6
  Eat: Chunk             |     1 |     9 |    15 |     5 ||    30
       Fruit             |       |       |     3 |       ||     3
       Pizza             |       |       |       |     4 ||     4
